 Dungeon Crawl Stone Soup version 0.29.1-12-g30fa7ad0bf (webtiles) character file.

Game seed: 17074066491390291719

56 MisterFreud the Sneak (level 3, -3/31 HPs)
             Began as a Gnoll Brigand on Dec 28, 2022.
             Slain by an iguana (13 damage)
             ... on level 3 of the Dungeon.
             The game lasted 00:01:39 (1526 turns).

MisterFreud the Sneak (Gnoll Brigand)               Turns: 1526, Time: 00:01:39

Health: -3/31      AC:  5    Str: 10    XL:     3   Next: 97%
Magic:  4/4        EV: 12    Int: 12    God:
Gold:   83         SH:  5    Dex: 13    Spells: 4/4 levels left

rFire   . . .      SeeInvis .   a - +2 dagger
rCold   . . .      Faith    .   (no shield)
rNeg    . . .      Spirit   .   b - +0 robe
rPois   .          Reflect  +   f - +0 helmet
rElec   .          Harm     .   c - +1 cloak
rCorr   .          Rampage  .   (no gloves)
Will    .....                   (no boots)
Stlth   ++++......              j - amulet of reflection
HPRegen 0.10/turn               (no ring)
MPRegen 0.09/turn               (no ring)

@: no status effects
A: fangs 1, strong nose, distributed training
a: no special abilities


You were on level 3 of the Dungeon.
You visited 1 branch of the dungeon, and saw 3 of its levels.

You collected 83 gold pieces.

Inventory:

Hand Weapons
 a - a +2 dagger (weapon)
Missiles
 d - 13 poisoned darts (quivered)
 e - 3 curare-tipped darts
 o - 5 boomerangs
Armour
 b - a +0 robe (worn)
 c - a +1 cloak (worn)
 f - a +0 helmet (worn)
Jewellery
 j - an amulet of reflection (around neck)
Scrolls
 g - 2 scrolls of identify
 i - 3 scrolls of teleportation
Potions
 h - 2 potions of invisibility
 k - a potion of heal wounds


   Skills:
 + Level 4.6 Fighting
 + Level 4.6 Short Blades
 + Level 1.0 Long Blades
 + Level 1.0 Axes
 + Level 1.0 Maces & Flails
 + Level 1.0 Polearms
 + Level 1.0 Staves
 + Level 1.0 Ranged Weapons
 + Level 4.6 Throwing
 + Level 1.0 Armour
 + Level 2.7 Dodging
 + Level 7.8 Stealth
 + Level 1.0 Shields
 + Level 1.0 Unarmed Combat
 + Level 1.0 Spellcasting
 + Level 0.7 Conjurations
 + Level 0.7 Hexes
 + Level 0.7 Summonings
 + Level 0.7 Necromancy
 + Level 0.7 Translocations
 + Level 0.7 Transmutations
 + Level 0.7 Fire Magic
 + Level 0.7 Ice Magic
 + Level 0.7 Air Magic
 + Level 0.7 Earth Magic
 + Level 0.7 Poison Magic
 + Level 1.1 Invocations
 + Level 1.0 Evocations


You had 4 spell levels left.
You didn't know any spells.
Your spell library contained the following spells:

 Spells                   Type           Power      Damage    Failure   Level
 Poisonous Vapours        Pois/Air       4%         N/A       32%         2
 Corpse Rot               Necr/Pois/Air  2%         N/A       91%         4


Dungeon Overview and Level Annotations

Branches:
Dungeon (3/15)

Altars:


Innate Abilities, Weirdness & Mutations

You have very sharp teeth.
Your uncanny sense of smell can sniff out nearby items.
Your experience applies equally to all skills.


Message History

Your butterfly disappears in a burst of colours!
There is an open door here.
There is a stone staircase leading down here.
You climb downwards.
Found 4 gold pieces.
Found a stone staircase leading up.
There is a stone staircase leading up here.
You now have 83 gold pieces (gained 4).
Found a ring mail.
You see here a +0 ring mail.
Key pressed, stopping explore.
No target in view!
You open the door.
There is an open door here.
d - 13 poisoned darts (gained 4) No target in view!
You open the door.
An iguana comes into view.
There is an open door here.
A rat comes into view.
There are monsters nearby!
There are monsters nearby!
You closely miss the rat. You barely miss the rat.
The rat twitches its whiskers.
The rat bites you.
There are monsters nearby!
You hit the rat.
You kill the rat!
You hit the iguana but do no damage.
The iguana bites you but does no damage.
You hit the iguana but do no damage. The iguana bites you.
You closely miss the iguana. You closely miss the iguana. The iguana bites you!
You hit the iguana but do no damage. You bite the iguana, but do no damage.
The iguana bites you!
You are too injured to fight recklessly!
You hit the iguana.
The iguana is lightly wounded.
The iguana bites you!
You die...

####.
#....
#....#####
#........#
#........#
#........#
#.....l..#
#.....@..#
#.....#+##
####....#
####'####
#.......#
#.
#.......#
#.
#.......#
#.
#.......#
#.
#.......#
#.


You could see an iguana.

Vanquished Creatures
  2 adders (D:2)
  A dart slug (D:1)
  7 ball pythons
  6 endoplasms
  2 goblins (D:1)
  4 kobolds
  A quokka (D:2)
  4 bats
  A frilled lizard (D:1)
  7 rats
35 creatures vanquished.

Notes
Turn   | Place    | Note
-------+----------+-------------------------------------------
     0 | D:1      | MisterFreud the Gnoll Brigand began the quest for the Orb.
     0 | D:1      | Reached XP level 1. HP: 20/20 MP: 1/1
   187 | D:1      | Reached XP level 2. HP: 26/26 MP: 2/2
   645 | D:1      | Reached XP level 3. HP: 28/31 MP: 3/3
   816 | D:2      | Reached skill level 1 in Invocations
  1009 | D:2      | Reached skill level 1 in Long Blades
  1009 | D:2      | Reached skill level 1 in Axes
  1009 | D:2      | Reached skill level 1 in Maces & Flails
  1009 | D:2      | Reached skill level 1 in Polearms
  1009 | D:2      | Reached skill level 1 in Staves
  1009 | D:2      | Reached skill level 1 in Ranged Weapons
  1009 | D:2      | Reached skill level 1 in Armour
  1009 | D:2      | Reached skill level 1 in Shields
  1009 | D:2      | Reached skill level 1 in Unarmed Combat
  1009 | D:2      | Reached skill level 1 in Spellcasting
  1009 | D:2      | Reached skill level 1 in Evocations
  1526 | D:3      | Slain by an iguana

Illustrated notes

Levels and vault maps discovered:
D:1:      dpeg_arrival_windows_large_door, layout_loops_ring, minmay_surrounded
D:2:      layout_basic
D:3:      layout_basic, mrwooster_statue_mirror

Skill      XL: |  1  2  3 |
---------------+----------+-----
Invocations    | 1 |  1.1
Long Blades    | 1 |  1.0
Axes           | 1 |  1.0
Maces & Flails | 1 |  1.0
Polearms       | 1 |  1.0
Staves         | 1 |  1.0
Ranged Weapons | 1 |  1.0
Armour         | 1 |  1.0
Shields        | 1 |  1.0
Unarmed Combat | 1 |  1.0
Spellcasting   | 1 |  1.0
Evocations     | 1 |  1.0
Fighting       | |  4.6
Short Blades   | |  4.6
Throwing       | |  4.6
Dodging        | |  2.7
Stealth        | |  7.8
Conjurations   | |  0.7
Hexes          | |  0.7
Summonings     | |  0.7
Necromancy     | |  0.7
Translocations | |  0.7
Transmutations | |  0.7
Fire Magic     | |  0.7
Ice Magic      | |  0.7
Air Magic      | |  0.7
Earth Magic    | |  0.7
Poison Magic   | |  0.7

Action                   || total
-------------------------++-------
Melee: Dagger            ||    92
       Bite              ||     8
       Punch             ||     2
  Use: Scroll            ||     7
 Stab: Sleeping          ||    15
Armor: Robe              ||    21
Dodge: Dodged            ||    36
Block: Other             ||    14
